Herovato, lawful male human Samurai --------------------------------- |..............%a...............| | ---- -----@----+-- ----- | |...-.+ |._.|.| |@..|.- |...|.. ----|.. -+-- Herovato the Ninja Experience level: 9 Strength: 17 Dexterity: 15 Constitution: 18 Intelligence: 9 Wisdom: 8 Charisma: 7 Health: 0(86) Energy: 50(50) Def: 10 Gold: 2075 Moves: 9736 Dungeon seed: kLraZnuyFWVozwxr Game ID: Herovato_1465151321 Your Inventory: Coins $ - 2075 gold pieces Weapons a - a +0 katana b - a +0 wakizashi (weapon in hand) c - a +0 yumi (alternate weapon; not wielded) g - 12 +0 shuriken V - 29 +0 ya (in quiver) X - 10 +0 elven arrows Z - 12 cursed -1 arrows Armor e - an uncursed rustproof +0 splint mail (being worn) n - an uncursed +0 cloak of displacement (being worn) q - an uncursed +0 pair of high boots (being worn) r - an uncursed +0 mummy wrapping y - an uncursed +0 elven leather helm (being worn) Comestibles j - 2 uncursed lichen corpses F - 2 uncursed cloves of garlic I - an uncursed fortune cookie L - an uncursed carrot Q - an uncursed lizard corpse Scrolls B - a cursed scroll of remove curse T - an uncursed scroll of punishment U - an uncursed scroll of destroy armor W - 2 uncursed scrolls of earth named Earth Potions z - an uncursed potion of sickness A - a potion of unholy water K - an uncursed potion of gain energy Rings x - an uncursed ring of teleportation N - a cursed ring of hunger Wands f - a wand of probing (0:-1) k - a wand of cancellation named Cancelation (0:4) o - a cursed wand of light (0:12) p - a wand of speed monster (0:2) t - a wand of undead turning (0:4) u - a wand of create monster (0:-1) v - a cursed wand of enlightenment (0:12) R - a wand of undead turning (0:3) Tools s - an uncursed stethoscope w - an uncursed tin whistle H - a +0 unicorn horn J - 3 uncursed tallow candles (0:200) Y - an uncursed mirror Gems M - an uncursed worthless piece of blue glass Spells and supernatural/magical abilities: Name Level Category Fail Memory W - pray for help -- divine ? -- Your skills at the end: Miscellaneous Skills martial arts [Basic] wands [Basic] Weapon Skills short sword [Basic] long sword [Skilled] bow [Expert] shuriken [Basic] Spellcasting Skills Final Attributes: You were fervently aligned. You were cold resistant. You were displaced. You were fast. You are dead. Vanquished creatures: a master mind flayer a large mimic a wumpus a stalker 3 wargs a winter wolf an ogre lord 2 quantum mechanics 2 trolls a pyrolisk a large dog a freezing sphere a gargoyle 2 crocodiles a mountain centaur a pit viper 2 wraiths an ettin zombie a giant beetle a cockatrice a lynx a quivering blob 4 lizards a giant spider an iron piercer a horse a black light a vampire bat 2 gnome kings an orc mummy a dwarf mummy an ogre an owlbear 7 Green-elves a dog a dingo a housecat a blue jelly a water nymph a black unicorn 3 gnome mummies a human zombie a soldier ant a fire ant a bugbear an imp 3 wood nymphs 13 Uruk-hai a rock mole 5 rock piercers a pony a fog cloud 2 yellow lights 8 gnome lords 3 gnomish wizards a kobold mummy a golden naga hatchling a gray ooze an elf zombie a straw golem 2 paper golems a giant ant 2 little dogs 2 floating eyes 2 kittens 3 dwarves a kobold lord 2 iguanas 4 hill orcs 5 rothes a giant bat 3 monkeys an orc zombie 7 killer bees a gas spore an acid blob 10 geckos a hobgoblin 2 cave spiders 2 yellow molds 2 red molds 30 gnomes 21 garter snakes 9 manes 10 jackals 6 newts 2 goblins 2 sewer rats 5 grid bugs 5 lichens 251 creatures vanquished. Voluntary challenges: You did not adorn yourself with jewelry or accessories. You used a wielded weapon 311 times, starting on turn 89. You did not use containers. You read items or engraved 53 times, starting on turn 63. You never genocided any monsters. You never polymorphed an object. You never changed form. You used no wishes. You never split a pudding. You wrote Elbereth's name 37 times, starting on turn 1129. You never violated your personal moral code. Dungeon overview: The Dungeons of Doom: levels 1 to 12 Level 1 some fountains a long staircase Level 2 Level 3 stairs to The Gnomish Mines Level 4 Level 5 Level 6 a fountain, a sink Level 7 a fountain Level 8 some fountains Level 9 many fountains Level 10 some fountains, a sink stairs to Sokoban Level 11 some fountains Level 12 a fountain The Gnomish Mines: levels 4 to 8 Level 4 stairs to The Dungeons of Doom Level 5 Level 6 Level 7 <- You were here a temple to Susanowo Level 8 Sokoban: Level 9 a magic chest stairs to The Dungeons of Doom History has recorded: On T:1 you entered the Dungeons of Doom to retrieve the Amulet of Yendor! On T:292 you reached level 2 of The Dungeons of Doom. On T:471 you reached level 3 of The Dungeons of Doom. On T:504 you advanced to experience level 2. On T:755 you reached level 4 of The Dungeons of Doom. On T:1043 you reached level 5 of The Dungeons of Doom. On T:1062 you advanced to experience level 3. On T:1214 you advanced to experience level 4. On T:1389 you reached level 6 of The Dungeons of Doom. On T:1668 you reached level 7 of The Dungeons of Doom. On T:1674 you advanced to experience level 5. On T:1892 you reached level 8 of The Dungeons of Doom. On T:2376 you advanced to experience level 6. On T:2563 you reached level 9 of The Dungeons of Doom. On T:2678 you advanced to experience level 7. On T:3032 you reached level 10 of The Dungeons of Doom. On T:3394 you reached level 4 of Sokoban. On T:4096 you advanced to experience level 8. On T:4531 you reached level 11 of The Dungeons of Doom. On T:4849 you reached level 12 of The Dungeons of Doom. On T:7023 you advanced to experience level 9. On T:8347 you reached level 1 of The Gnomish Mines. On T:8706 you reached level 2 of The Gnomish Mines. On T:8991 you reached level 3 of The Gnomish Mines. On T:9098 you reached level 5 of The Gnomish Mines. On T:9719 you reached level 4 of The Gnomish Mines. On T:9719 you entered the Minetown temple Score breakdown: Gold: 2075 ( 207 points) Experience: 9 levels ( 800 points) Exploration: 12 levels ( 330 points) Discoveries: 17 items ( 850 points) Variety of kills: 90 monsters ( 2000 points) Major goal: reached Minetown ( 500 points) Survival: died (score multiplied by 3) Total score: 14061 Latest messages: The soldier ant misses. The soldier ant stings! The soldier ant's sting was poisoned! You feel weaker! The gnome lord punches you! You hit the soldier ant. The soldier ant bites! The soldier ant stings! The gnome lord punches you! You kill the gnome lord! The soldier ant bites! The soldier ant stings! You are now wielding your wakizashi. c - a +0 yumi (alternate weapon; not wielded). You attempt to fire a ya with your bare hands. The ya hits the soldier ant. The soldier ant bites! The soldier ant stings! The soldier ant bites! The soldier ant stings! You die... Final status: Sayonara Herovato the Samurai, killed by a soldier ant... You died in The Gnomish Mines on dungeon level 7 with 14061 points, and 2075 pieces of gold, after 9736 moves. You were level 9 with a maximum of 86 hit points when you died.